 Dungeon Crawl Stone Soup version 0.30.1-3-gfc49f6343a (webtiles) character file.

Game seed: 12778644936187348049

112 Heoruswealwe the Conjurer (level 4, -3/24 HPs)
             Began as a Deep Elf Conjurer on July 24, 2023.
             Slain by Sigmund
             ... wielding a +0 scythe
              (4 damage)
             ... on level 2 of the Dungeon.
             The game lasted 00:11:23 (1143 turns).

Heoruswealwe the Conjurer (Deep Elf Conjurer)       Turns: 1143, Time: 00:11:24

Health: -3/24      AC:  3    Str:  4    XL:     4   Next: 63%
Magic:  13/13      EV: 12    Int: 25    God:
Gold:   82         SH:  0    Dex: 13    Spells: 3/13 levels left

rFire   + . .        b - +11 hammer "Sujavub" {heavy, rC+}
rCold   + . .        (no shield)
rNeg    . . .        c - +0 robe
rPois   .            (no helmet)
rElec   .            h - +0 cloak
rCorr   .            (no gloves)
SInv    .            (no boots)
Will    .....        (no amulet)
Stlth   ++           k - ring of protection from fire
HPRegen 0.24/turn    (no ring)
MPRegen 0.13/turn

%: no passive effects
@: no status effects
A: no striking features
a: no special abilities


You were on level 2 of the Dungeon.
You visited 1 branch of the dungeon, and saw 2 of its levels.

You collected 82 gold pieces.

Inventory:

Hand Weapons
 b - the +11 hammer "Sujavub" (weapon) {heavy, rC+}
   (You found it on level 2 of the Dungeon)

   rC:        It protects you from cold.
Armour
 c - a +0 robe (worn)
 g - a +0 robe
 h - a +0 cloak (worn)
Jewellery
 k - a ring of protection from fire (left hand)
Scrolls
 a - a scroll of fog {unknown}
 f - a scroll of poison {unknown}
Potions
 e - a potion of brilliance {unknown}
 i - a potion of magic


   Skills:
 - Level 2.4 Dodging
 - Level 2.4 Stealth
 + Level 5.1 Spellcasting
 + Level 5.6 Conjurations


You had 3 spell levels left.
You knew the following spells:

 Your Spells              Type           Power      Damage    Failure   Level
a - Magic Dart            Conj           100%       1d8       1%          1
b - Searing Ray           Conj           68%        2d6       1%          2
c - Dazzling Flash        Conj/Hex       40%        N/A       8%          3
d - Fulminant Prism       Conj/Hex       10%        3d9       26%         4

Your spell library contained the following spells:

 Spells                   Type           Power      Damage    Failure   Level
 Iskenderun's Mystic Bla  Conj/Tloc      20%        2d6       26%         4


Dungeon Overview and Level Annotations

Branches:
Dungeon (2/15)

Altars:

Annotations:
D:2 Sigmund


Message History

Sigmund shouts!
The frilled lizard hisses angrily.
The frilled lizard misses you.
You closely miss the frilled lizard.
Sigmund zaps a wand.
You hear a grinding noise.
The frilled lizard closely misses you.
The frilled lizard bites you but does no damage.
You sock the frilled lizard!
You kill the frilled lizard!
Sigmund mumbles some strange words.
Sigmund flickers and vanishes!
Deactivating autopickup; reactivate with Ctrl-A.
A rat comes into view.
A magic dart appears from out of thin air!
The magic dart hits you. Something hits you.
Found an orange potion.
You miss something.
You hear some strange, mumbled words.
A puff of flame appears from out of thin air!
The puff of flame hits you. You resist. Something hits you!
* * * LOW HITPOINT WARNING * * *
Okay, then.
You miss something.
You hear some strange, mumbled words.
Something tries to affect you, but you resist.
You hear some strange, mumbled words.
Something tries to affect you, but you resist.
You sock something! Something hits you.
* * * LOW HITPOINT WARNING * * *
Something completely misses you.
It was a potion of heal wounds.
You feel much better.
You closely miss something. Something barely misses you. Something hits you!
You closely miss something. Something hits you.
You barely miss something. Something hits you.
* * * LOW HITPOINT WARNING * * *
You hit something. Something hits you!
* * * LOW HITPOINT WARNING * * *
Something completely misses you.
You closely miss something. Something hits you.
You die...

##### ######### ....#
#.......# ###.#
#.#####.#
....###.....#.######+#
.................r....
#########.####.##{####
# #.# #..@..# #.#
##.##.# #.# #.## !.
#.# #.# ## ######
#.##.# ...... #.#.#
...... ## ......
......


You could see a rat.

Vanquished Creatures
  Crazy Yiuf (D:2)
  Jessica (D:2)
  An adder (D:2)
  A worm (D:2)
  2 dart slugs (D:1)
  3 ball pythons (D:1)
  8 endoplasms
  2 giant cockroaches
  3 goblins
  4 hobgoblins (D:1)
  6 kobolds
  A quokka (D:1)
  3 bats (D:1)
  3 frilled lizards
  A rat (D:1)
40 creatures vanquished.

Notes
Turn   | Place    | Note
-------+----------+-------------------------------------------
     0 | D:1      | Heoruswealwe the Deep Elf Conjurer began the quest for the
                  | Orb.
     0 | D:1      | Reached XP level 1. HP: 10/10 MP: 6/6
   139 | D:1      | Reached XP level 2. HP: 15/15 MP: 3/8
   161 | D:1      | Learned a level 2 spell: Searing Ray
   446 | D:1      | Reached skill level 5 in Conjurations
   446 | D:1      | Reached XP level 3. HP: 19/19 MP: 2/10
   450 | D:1      | Learned a level 3 spell: Dazzling Flash
   918 | D:2      | Noticed Jessica
   922 | D:2      | Killed Jessica
   923 | D:2      | Reached XP level 4. HP: 24/24 MP: 7/12
   928 | D:2      | Learned a level 4 spell: Fulminant Prism
   938 | D:2      | Found a runed translucent door.
   939 | D:2      | Noticed Crazy Yiuf
   941 | D:2      | Identified the +11 hammer "Sujavub" {heavy, rC+}
   949 | D:2      | Killed Crazy Yiuf
   950 | D:2      | Reached skill level 5 in Spellcasting
  1126 | D:2      | Noticed Sigmund
  1137 | D:2      | HP: 1/24 [something (6)]
  1142 | D:2      | HP: 1/24 [something (7)]
  1143 | D:2      | Slain by Sigmund

Illustrated notes

Levels and vault maps discovered:
D:1:      lightli_molten_gateway, layout_basic, serial_glass, glass_columns_a,
          glass_columns_a
D:2:      layout_basic, uniq_crazy_yiuf_cottage, uniq_sigmund, uniq_jessica

Skill      XL: |  1  2  3  4 |
---------------+-------------+-----
Spellcasting   | 4 5 |  5.1
Conjurations   | 5 |  5.6
Dodging        | |  2.4
Stealth        | |  2.4

Action                     |  1- 3 |  4- 6 || total
---------------------------+-------+-------++-------
  Melee: Mace              |       |    15 ||    15
   Cast: Magic Dart        |    64 |       ||    64
         Searing Ray       |     1 |     2 ||     3
    Use: Potion            |       |     1 ||     1
   Stab: Sleeping          |       |     1 ||     1
 Armour: Robe              |     1 |     1 ||     2
  Dodge: Dodged            |     3 |     9 ||    12
